 Dungeon Crawl Stone Soup version 0.31.0-12-g77e489cdc1 (webtiles) character file.

Game seed: 7757094309478705974

2676 Marvel the Poker (level 9, 0/87 HPs)
             Began as a Troll Fighter on Feb 18, 2024.
             Was a Follower of Qazlal.
             Slain by a sixfirhy (10 damage)
             ... summoned by a kobold demonologist
             ... in a bailey.
             The game lasted 00:17:27 (6229 turns).

Marvel the Poker (Troll Fighter)                    Turns: 6229, Time: 00:17:28

Health: 0/87       AC:  7    Str: 30    XL:     9   Next: 37%
Magic:  0/8        EV: 10    Int:  4    God:    Qazlal [*.....]
Gold:   375        SH: 10    Dex:  9    Spells: 8/8 levels left

rFire   . . .        r - +1 spear (venom)
rCold   . . .        c - +0 kite shield
rNeg    . . .        v - +0 steam dragon scales
rPois   .            (helmet restricted)
rElec   .            j - scarf {repulsion}
rCorr   .            (gloves unavailable)
SInv    .            (boots unavailable)
Will    .....        l - amulet of guardian spirit
Stlth   ++           (no ring)
HPRegen 1.14/turn    (no ring)
MPRegen 0.11/turn

%: repel missiles, guardian spirit
@: no status effects
A: large, unfitting armour, claws 3, regeneration 1, shaggy fur 1, tough skin 1
a: Renounce Religion


You were in a bailey.
You worshipped Qazlal.
Qazlal was aware of your devotion.
You visited 2 branches of the dungeon, and saw 8 of its levels.
You also visited: Bailey.

You collected 375 gold pieces.

Inventory:

Hand Weapons
 a - a +0 war axe
 r - a +1 spear of venom (weapon)
 t - a +1 short sword of draining
 y - a +2 scimitar of flaming
 z - a +3 trident of draining
Missiles
 B - 3 poisoned darts (quivered)
Armour
 c - a +0 kite shield (worn)
 j - a scarf of repulsion (worn)
 v - +0 steam dragon scales (worn)
 A - an orb of guile
Jewellery
 l - an amulet of guardian spirit (around neck)
Wands
 x - a wand of iceblast (14)
Scrolls
 b - a scroll of identify
 e - a scroll of enchant armour {unknown}
 f - 3 scrolls of teleportation {unknown}
 i - a scroll of revelation {unknown}
Potions
 d - 3 potions of might
 g - 2 potions of attraction {unknown}
 h - a potion of resistance {unknown}
 k - 4 potions of curing {unknown}
 m - 2 potions of brilliance {unknown}
 n - a potion of lignification {unknown}
 o - a potion of invisibility {unknown}
 p - a potion of mutation {unknown}
 q - a potion of haste {unknown}
 s - a potion of ambrosia {unknown}
 u - a potion of heal wounds {unknown}
 w - a potion of enlightenment


   Skills:
 + Level 4.8 Fighting
 + Level 3.3(5.2) Axes
 + Level 6.2(6.6) Polearms
 + Level 0.3 Throwing
 + Level 5.3 Dodging
 + Level 2.0 Stealth
 + Level 5.1 Shields


You had 8 spell levels left.
You didn't know any spells.
Your spell library contained the following spells:

 Spells                   Type           Power      Damage    Failure   Level
 Apportation              Tloc           0%         N/A       71%         1
 Necrotise                Necr           0%         1d4       71%         1
 Slow                     Hex            0%         N/A       71%         1
 Sting                    Conj/Alch      0%         1d3       71%         1
 Summon Small Mammal      Summ           0%         N/A       71%         1
 Blink                    Tloc           0%         N/A       83%         2
 Lesser Beckoning         Tloc           0%         N/A       83%         2
 Mercury Vapours          Alch/Air       0%         N/A       83%         2
 Momentum Strike          Conj/Tloc      0%         3d8       83%         2
 Sublimation of Blood     Necr           0%         N/A       83%         2
 Confusing Touch          Hex            0%         N/A       97%         3
 Mephitic Cloud           Conj/Alch/Air  0%         N/A       97%         3
 Sigil of Binding         Hex            0%         N/A       97%         3
 Vampiric Draining        Necr           0%         2d6       97%         3
 Petrify                  Alch/Erth      0%         N/A       100%        4
 Freezing Cloud           Conj/Ice/Air   0%         6-21      100%        5
 Irradiate                Conj/Alch      0%         3d11      100%        5


Dungeon Overview and Level Annotations

Branches:
Dungeon (7/15)             Temple (1/1) D:6          Bailey (1/1)

Altars:
Ashenzari
Cheibriados
Dithmenos
Elyvilon
Fedhas
Gozag
Kikubaaqudgha
Nemelex Xobeh
Okawaru
Qazlal
Sif Muna
Trog
Uskayaw
Vehumet
Wu Jian
Yredelemnul
Zin
The Shining One

Shops:
D:4 :?   D:5 ?


Innate Abilities, Weirdness & Mutations

You are too large for most types of armour.
You have claws for hands.
Your natural rate of healing is unusually fast.
You are covered in fur. (AC +1)
You have tough skin. (AC +1)


Message History

Aim: a kobold demonologist, wielding a +0 war axe and wearing a +0 ring mail (about 42% to evade your +1 spear of venom)
The sixfirhy is in the way.
You hit the sixfirhy.
The sixfirhy is lightly wounded.
The sixfirhy closely misses you. You block the iron imp's attack.
You block the sixfirhy's attack.
Reach: r) +1 spear (venom)
Press: ? - help, Dir - move target, f/p - kobold demonologist
Aim: a kobold demonologist, wielding a +0 war axe and wearing a +0 ring mail (about 42% to evade your +1 spear of venom)
The sixfirhy is in the way.
You miss the sixfirhy. The sixfirhy hits you! The sixfirhy shocks you!
The sixfirhy closely misses you. x2
You block the iron imp's attack.
Reach: r) +1 spear (venom)
Press: ? - help, Dir - move target, f/p - kobold demonologist
Aim: a kobold demonologist, wielding a +0 war axe and wearing a +0 ring mail (about 42% to evade your +1 spear of venom)
The sixfirhy is in the way.
You closely miss the sixfirhy. You block the sixfirhy's attack.
The sixfirhy hits you. The sixfirhy shocks you!
The sixfirhy completely misses you.
The kobold demonologist casts a cantrip, but nothing happens.
Reach: r) +1 spear (venom)
Press: ? - help, Dir - move target, f/p - kobold demonologist
Aim: a kobold demonologist, wielding a +0 war axe and wearing a +0 ring mail (about 42% to evade your +1 spear of venom)
The sixfirhy is in the way.
You miss the sixfirhy.
The iron imp hits you but does no damage.
Reach: r) +1 spear (venom)
Press: ? - help, Dir - move target, f/p - kobold demonologist
Aim: a kobold demonologist, wielding a +0 war axe and wearing a +0 ring mail (about 42% to evade your +1 spear of venom)
You reach to attack!
You hit the kobold demonologist.
The kobold demonologist is lightly wounded.
The kobold demonologist gestures wildly while chanting.
You block the iron imp's attack.
The crimson imp blinks!
You block the sixfirhy's attack.
The crimson imp hits you but does no damage.
You block the iron imp's attack. You block the sixfirhy's attack.
The sixfirhy hits you! The sixfirhy shocks you! The sixfirhy hits you.
The sixfirhy shocks you!
* * * LOW HITPOINT WARNING * * *
The sixfirhy hits you!
* * * LOW HITPOINT WARNING * * *
The sixfirhy shocks you!
You die...

######~~~~...~~~~###
#...........#
#####'''#####
#..'.....+
#..'.))..+
####..#..⌠..#
#...))#.....#
#.8...#.....#
#@5...#######
#38#### #K5# #.8#
#5.# ##o# #).# '
#..# #...# #..#
#..o#


You could see a kobold demonologist, a sixfirhy (summoned), an iron imp
(summoned), a quasit (summoned), a crimson imp (summoned) and an orc.

Vanquished Creatures
  Jeremiah (D:6)
  Maggie (D:6)
  Prince Ribbit (D:6)
  4 orc warriors
  An ogre (D:5)
  A centaur (D:6)
  A phantom (D:7)
  A bullfrog (D:6)
  Blork the orc (D:5)
  A scorpion (D:7)
  2 electric eels (Bailey)
  3 howler monkeys (D:7)
  A bombardier beetle (D:3)
  2 orc priests
  Crazy Yiuf (D:4)
  2 jellies
  4 iguanas
  A sleepcap (D:5)
  Ijyb (D:5)
  Natasha (thrice) (D:4)
  6 orc wizards
  Robin (D:2)
  13 gnolls
  7 adders
  A shadow imp (D:6)
  2 white imps
  2 ufetubi (D:7)
  4 dart slugs
  4 ribbon worms
  25 orcs
  6 ball pythons
  7 endoplasms
  2 giant cockroaches
  13 goblins
  12 hobgoblins
  2 jackals (D:4)
  8 kobolds
  8 quokkas
  3 bats
  5 frilled lizards
  8 rats
172 creatures vanquished.

Notes
Turn   | Place    | Note
-------+----------+-------------------------------------------
     0 | D:1      | Marvel the Troll Fighter began the quest for the Orb.
     0 | D:1      | Reached XP level 1. HP: 22/22 MP: 0/0
    84 | D:1      | Reached XP level 2. HP: 29/29 MP: 1/1
   304 | D:1      | Reached XP level 3. HP: 31/36 MP: 2/2
  1030 | D:2      | Reached XP level 4. HP: 36/44 MP: 3/3
  1493 | D:2      | Noticed Robin
  1496 | D:2      | Killed Robin
  1497 | D:2      | Reached XP level 5. HP: 51/52 MP: 2/4
  1939 | D:3      | Reached XP level 6. HP: 31/61 MP: 3/5
  2207 | D:3      | Reached skill level 1 in Polearms
  2826 | D:4      | Found Ylyrupt's Magic Scroll Shop.
  3027 | D:4      | Found Xunetozol's Tremendous Tomes.
  3192 | D:4      | Found a runed translucent door.
  3193 | D:4      | Noticed Crazy Yiuf
  3212 | D:4      | Killed Crazy Yiuf
  3284 | D:4      | Noticed Natasha
  3300 | D:4      | Killed Natasha
  3390 | D:4      | Noticed Natasha
  3399 | D:4      | Killed Natasha
  3400 | D:4      | Reached skill level 2 in Polearms
  3419 | D:4      | Noticed Natasha
  3436 | D:4      | Killed Natasha
  3437 | D:4      | Reached XP level 7. HP: 65/67 MP: 6/6
  3648 | D:5      | Entered Level 5 of the Dungeon
  3648 | D:5      | Noticed Ijyb
  3659 | D:5      | Killed Ijyb
  3753 | D:5      | Identified the +8 long sword of Vodka {elec, rElec Will+
                  | rCorr Str+4}
  3927 | D:5      | Noticed Blork the orc
  3934 | D:5      | Killed Blork the orc
  3935 | D:5      | Reached skill level 3 in Polearms
  3935 | D:5      | Reached skill level 1 in Stealth
  3937 | D:5      | Found Ekhemux's Magic Scroll Boutique.
  4142 | D:5      | Identified the +5 quarterstaff "Ojaleufamm" {freeze, rC+
                  | Str+4 Int+3}
  4448 | D:6      | Reached XP level 8. HP: 71/78 MP: 5/7
  4482 | D:6      | Noticed Prince Ribbit
  4499 | D:6      | Killed Prince Ribbit
  4500 | D:6      | Reached skill level 4 in Polearms
  4543 | D:6      | Noticed Maggie
  4561 | D:6      | Killed Maggie
  4756 | D:6      | Found a staircase to the Ecumenical Temple.
  4765 | D:6      | Noticed Jeremiah
  4800 | Temple   | Entered the Ecumenical Temple
  4823 | Temple   | Became a worshipper of Qazlal Stormbringer
  4982 | D:6      | Killed Jeremiah
  4983 | D:6      | Reached skill level 5 in Polearms
  5584 | D:7      | Found a basalt altar of Yredelemnul.
  5613 | D:7      | Found a shadowy altar of Dithmenos.
  5704 | D:7      | Found a bloodstained altar of Trog.
  5719 | D:7      | Reached XP level 9. HP: 78/85 MP: 6/8
  5936 | D:7      | Reached skill level 5 in Dodging
  5951 | D:7      | Reached * piety under Qazlal
  5955 | D:7      | Found a flagged portal.
  5960 | Bailey   | Entered a bailey
  6103 | Bailey   | Reached skill level 6 in Polearms
  6103 | Bailey   | Reached skill level 5 in Shields
  6191 | Bailey   | Noticed a kobold demonologist
  6197 | Bailey   | Noticed a hellwing
  6215 | Bailey   | Noticed a sixfirhy
  6229 | Bailey   | Slain by a sixfirhy

Illustrated notes

Levels and vault maps discovered:
D:1:      dpeg_arrival_lava_temple_mockup, layout_loops_ring, minmay_hedge_maze,
          minmay_misc_feat_nine_boxes
D:2:      minmay_chambers_of_ones, layout_loops_cross, uniq_robin
D:3:      layout_basic, minmay_statues_item
D:4:      layout_basic, nicolae_take_the_stairs, nicolae_shop_i_like_big_books,
          serial_bayou_lake_a, uniq_crazy_yiuf_cottage, uniq_natasha
D:5:      layout_rooms, nicolae_overflow_hidden_temple, serial_shops,
          nicolae_shop_waterfront, serial_library_hellmonk_open_square,
          minmay_strange_pillars, hangedman_decor_peaks_small,
          minmay_diced_spiral, uniq_ijyb, uniq_blork_the_orc
D:6:      layout_loops_ring, minmay_temple_entry_offerings, uniq_prince_ribbit1,
          uniq_maggie, uniq_jeremiah
D:7:      layout_basic, lemuel_doored_altar, bloody_trog,
          nicolae_dithmenos_shadow_blocks, enter_bailey_3,
          minmay_misc_feat_four_crosses
Temple:   bh_familiar_temple
Bailey:   bailey_axe_of_yendor_kennysheep, bailey

Skill      XL: |  1  2  3  4  5  6  7  8  9 |
---------------+----------------------------+-----
Shields        | 3 4 5 |  5.1
Axes           | 2 3 |  3.3
Dodging        | 3 4 5 |  5.3
Fighting       | 3 4 |  4.8
Polearms       | 2 3 5 6 |  6.2
Stealth        | 1 2 |  2.0
Throwing       | |  0.3

Action                     |  1- 3 |  4- 6 |  7- 9 || total
---------------------------+-------+-------+-------++-------
  Melee: War axe           |   119 |    43 |       ||   162
         Spear             |       |   215 |   397 ||   612
         Trident           |       |       |     6 ||     6
  Throw: Dart              |       |       |     3 ||     3
    Use: Scroll            |       |     5 |       ||     5
   Stab: Sleeping          |       |     3 |     4 ||     7
 Armour: Robe              |    87 |   161 |    62 ||   310
         Steam dragon scal |       |       |   129 ||   129
  Dodge: Dodged            |    56 |    75 |   104 ||   235
         Repelled          |       |     2 |     2 ||     4
  Block: Kite shield       |    49 |    97 |   119 ||   265
